Unix NetHack Version 5.0.0-0 post-release - last build May 17 2026 04:57:42 (dc50c8380fa5e20985bfe3072449f57b8d9895ef,branch:main).

Game began 2026-05-19 20:43:55, ended 2026-05-19 22:10:15.

Corncycle, chaotic male human Rogue

                             ---
                      ---    -.|
                    ---`-- -....
                    |@G.G|..>...
                    --d..G.....
                     ---........-
                       --..|..`.-
                        -------..|
                              |..

Corncycle the Cutpurse  St:14 Dx:18 Co:16 In:10 Wi:10 Ch:8  Chaotic
Dlvl:8  $:28 HP:0(36) Pw:17(17) AC:3  Xp:5 T:1536 

Latest messages:
 What do you want to write with? [- abgoyC or ?*]
 Do you want to add to the current engraving? [ynq] (y)
 You wipe out the message that was written in the dust here.
 You write in the dust with your fingertip.
 The gnome lord picks up 7 arrows.
 Something is written here in the dust.
 You read: "Elbereth".
 You see no objects here.
 The wolf turns to flee.
 The gnome king throws a thonged club!
 The thonged club misses the wolf.
 You are almost hit by a thonged club.
 The gnome lord picks up a hooded cloak.
 What do you want to drink? [ikpqA or ?*]
 You feel better.
 The gnome lord puts on a hooded cloak.
 Something is written here in the dust.
 You read: "Elbereth".
 You see no objects here.
 Something is written here in the dust.
 You read: "Elbereth".
 You see no objects here.
 The gnome king turns to flee.
 The gnome lord picks up a pair of hard shoes.
 The gnome lord puts on a pair of hard shoes.
 The gnome king throws a thonged club!
 You are almost hit by a thonged club.
 The gnome lord picks up a broad short sword.
 You already found a monster.  Use 'm' prefix to force another search.
 You already found a monster.  Use 'm' prefix to force another search.
 You already found a monster.  Use 'm' prefix to force another search.
 You already found a monster.  Use 'm' prefix to force another search.
 You already found a monster.  Use 'm' prefix to force another search.
 You already found a monster.  Use 'm' prefix to force another search.
 The gnome lord zaps a wand of magic missile!
 The magic missile hits the gnome king!
 The magic missile hits you!
 The gnome picks up 3 +0 daggers.
 You already found a monster.  Use 'm' prefix to force another search.
 You already found a monster.  Use 'm' prefix to force another search.
 Are you waiting to get hit?  Use 'm' prefix to force a no-op (to rest).
 The wolf bites!
 The gnome king swings his thonged club.
 The gnome king hits!
 You die...
 Do you want your possessions identified? [ynq] (y)
 Do you want to see your attributes? [ynq] (y)
 Do you want an account of creatures vanquished? [ynaq] (y)
 Do you want to see your conduct and achievements? [ynq] (y)
 Do you want to see the dungeon overview? [ynq] (y)

Inventory:
 Coins    ('$')
  $ - 28 gold pieces
 Weapons  (')')
  b - 8 +0 daggers (at the ready)
  y - a blessed +0 elven dagger
  a - a +0 short sword (weapon in right hand)
 Armor    ('[')
  n - an uncursed +1 orcish helm (being worn)
  v - an uncursed +0 pair of iron shoes (being worn)
  w - an uncursed +0 dwarvish cloak (being worn)
  c - an uncursed +1 leather armor (being worn)
 Comestibles  ('%')
  m - 2 uncursed food rations
  h - a cursed rotten tin of newt meat
 Scrolls  ('?')
  t - a blessed scroll of amnesia
  l - 2 uncursed scrolls of enchant weapon
  x - an uncursed scroll of food detection
  j - an uncursed scroll of genocide
  s - an uncursed scroll of identify
  B - an uncursed scroll of magic mapping
 Spellbooks  ('+')
  r - an uncursed spellbook of cause fear
  z - an uncursed spellbook of jumping
 Potions  ('!')
  i - an uncursed potion of extra healing
  k - a blessed potion of healing
  p - an uncursed potion of healing
  q - a cursed potion of oil
  A - an uncursed potion of speed
 Wands    ('/')
  g - a wand of magic missile (0:0)
  o - a wand of slow monster (0:2)
 Tools    ('(')
  f - an empty uncursed sack
  e - an uncursed lock pick
 Gems/Stones  ('*')
  C - an uncursed touchstone

Corncycle the Rogue's attributes:

Background:
 You were a Cutpurse, a level 5 male human Rogue.
 You were chaotic, on a mission for Kos
 who was opposed by Issek (lawful) and Mog (neutral).
 You were right-handed.
 You were in the Gnomish Mines, on level 8.
 You entered the dungeon 1536 turns ago.
 It was nighttime.
 There was a new moon in effect when your adventure ended.
 You had 275 experience points, 45 more were needed to attain level 6.

Basics:
 You had 0 out of 36 hit points.
 You had all 17 energy points (spell power).
 Your armor class was 3.
 Your wallet contained 28 zorkmids.
 Autopickup was off.

Final Characteristics:
 Your strength was 14 (limit:18/100).
 Your dexterity was 18 (limit:18).
 Your constitution was 16 (limit:18).
 Your intelligence was 10 (limit:18).
 Your wisdom was 10 (limit:18).
 Your charisma was 8 (limit:18).

Final Status:
 You weren't hungry.
 You were unencumbered.
 You were wielding a short sword.
 You had basic skill with short sword.

Final Attributes:
 You were devoutly aligned.
 Your items were somewhat protected from fire.
 Your items were somewhat protected from cold.
 You were poison resistant.
 You were stealthy.
 You were warded.
 You are dead.

Miscellaneous:
 You didn't encounter any bones levels.
 Total elapsed playing time was 1 hour, 8 minutes and 31 seconds.

Major events:
 Turn
    1: Corncycle the chaotic male human Rogue entered the dungeon
  543: attained the rank of Cutpurse (level 3)
 1018: entered the Gnomish Mines
 1536: killed by a gnome king

You didn't know any spells.

Skills:
 Fighting Skills
   bare handed combat [Unskilled]
   two weapon combat  [Unskilled]
   riding             [Unskilled]
 Weapon Skills
   dagger             [Skilled]
   knife              [Unskilled]
   short sword        [Basic]
   broadsword         [Unskilled]
   long sword         [Unskilled]
   two-handed sword   [Unskilled]
   saber              [Unskilled]
   club               [Unskilled]
   mace               [Unskilled]
   morning star       [Unskilled]
   flail              [Unskilled]
   hammer             [Unskilled]
   polearms           [Unskilled]
   spear              [Unskilled]
   crossbow           [Unskilled]
   dart               [Unskilled]
   shuriken           [Unskilled]
 Spellcasting Skills
   divination spells  [Unskilled]
   escape spells      [Unskilled]
   matter spells      [Unskilled]

Voluntary challenges:
 Character rerolling was not enabled.
 You never genocided any monsters.
 You never polymorphed an object.
 You never changed form.
 You used no wishes.
Achievements:
 You attained the rank of Cutpurse.
 You entered the Gnomish Mines.

 The Dungeons of Doom: levels 1 to 3
    Level 1:
    Level 2:
       A fountain, a grave.
    Level 3:
       Stairs down to The Gnomish Mines.
 The Gnomish Mines: levels 4 to 9
    Level 4:
    Level 5:
    Level 8: <- You were here.
       Final resting place for
          you, killed by a gnome king.
    Level 9:


Vanquished creatures:
  a wolf
  a shrieker
  4 gnome leaders
  a little dog
  5 dwarves
 an iguana
 an acid blob
  a gas spore
  a hobbit
  2 giant rats
 19 gnomes
  a gnome zombie
  a gecko
  8 jackals
  a fox
  2 kobolds
  4 goblins
  a sewer rat
  3 grid bugs
  2 lichens
  a kobold zombie
  a newt
62 creatures vanquished.

No species were genocided or became extinct.

Game over:
                       ----------
                      /          \
                     /    REST    \
                    /      IN      \
                   /     PEACE      \
                  /                  \
                  |    Corncycle     |
                  |      28 Au       |
                  |   killed by a    |
                  |    gnome king    |
                  |                  |
                  |                  |
                  |       2026       |
                 *|     *  *  *      | *
        _________)/\\_//(\/(/\)/\//\/|_)_______

Goodbye Corncycle the Rogue...

You died in The Gnomish Mines on dungeon level 8 with 1536 points,
and 28 pieces of gold, after 1536 moves.
You were level 5 with a maximum of 36 hit points when you died.

